 Dungeon Crawl Stone Soup version 0.27-a0-40-g5f2be0e231 (webtiles) character file.

Game seed: 7640704618215200527

132 robertstho the Chiller (level 5, -1/37 HPs)
             Began as a Gnoll Ice Elementalist on Jan 5, 2021.
             Killed by divine providence
             ... invoked by an orc priest
              (17 damage)
             ... on level 3 of the Dungeon.
             The game lasted 00:05:04 (2913 turns).

robertstho the Chiller (Gnoll Ice Elementalist)     Turns: 2913, Time: 00:05:05

Health: -1/37      AC:  2    Str: 10    XL:     5   Next: 15%
Magic:  8/12       EV: 15    Int: 19    God:
Gold:   173        SH:  0    Dex: 15    Spells: 3/14 levels left

rFire    . . .     SeeInvis .   s - +1 dagger (flame)
rCold    . . .     Faith    .   (no shield)
rNeg     . . .     Spirit   .   a - +0 robe
rPois    .         Reflect  .   (no helmet)
rElec    .         Harm     .   (no cloak)
rCorr    .         Rampage  .   (no gloves)
Will     .....                  (no boots)
Stlth    +++.......             (no amulet)
HPRegen  0.12/turn              (no ring)
MPRegen  0.13/turn              (no ring)

@: frozen ramparts
A: distributed training, fangs 1, strong nose
a: no special abilities


You were on level 3 of the Dungeon.
You visited 1 branch of the dungeon, and saw 3 of its levels.

You collected 173 gold pieces.

Inventory:

Hand Weapons
 g - a +0 whip
 i - a +0 short sword
 s - a +1 dagger of flaming (weapon)
Missiles
 h - 78 stones
 j - 10 atropa-tipped darts
 n - 39 bolts
 r - 3 boomerangs
 t - 8 silver boomerangs
Armour
 a - a +0 robe (worn)
Jewellery
 p - an uncursed amulet of guardian spirit {unknown}
 q - an uncursed amulet of faith {unknown}
Scrolls
 b - 2 scrolls of teleportation {unknown}
 e - 4 scrolls of remove curse {unknown}
 k - a scroll of fear {unknown}
 o - a scroll of identify {unknown}
 v - a scroll of noise {unknown}
 w - a scroll of random uselessness {unknown}
Potions
 c - a potion of curing {unknown}
 d - a potion of invisibility {unknown}
 f - a potion of heal wounds {unknown}
 l - a potion of haste {unknown}
 m - a potion of attraction {unknown}
 u - a potion of flight {unknown}


   Skills:
 + Level 1.4 Fighting
 + Level 1.4 Short Blades
 + Level 1.4 Long Blades
 + Level 1.4 Axes
 + Level 1.4 Maces & Flails
 + Level 1.4 Polearms
 + Level 1.4 Staves
 + Level 1.4 Slings
 + Level 1.4 Bows
 + Level 1.4 Crossbows
 + Level 1.4 Throwing
 + Level 1.4 Armour
 + Level 4.7 Dodging
 + Level 4.3 Stealth
 + Level 1.4 Shields
 + Level 1.4 Unarmed Combat
 + Level 5.1 Spellcasting
 + Level 1.1 Conjurations
 + Level 1.1 Hexes
 + Level 1.1 Summonings
 + Level 1.1 Necromancy
 + Level 1.1 Translocations
 + Level 1.1 Transmutations
 + Level 1.1 Fire Magic
 + Level 7.2 Ice Magic
 + Level 1.1 Air Magic
 + Level 1.1 Earth Magic
 + Level 1.1 Poison Magic
 + Level 1.5 Invocations
 + Level 1.4 Evocations


You had 3 spell levels left.
You knew the following spells:

 Your Spells              Type           Power        Failure   Level
a - Freeze                Ice            100%         1%          1
b - Frozen Ramparts       Ice            64%          1%          3
c - Ozocubu's Armour      Ice            32%          1%          3
d - Hailstorm             Conj/Ice       20%          22%         4

Your spell library contained the following spells:

 Spells                   Type           Power        Failure   Level
 Summon Ice Beast         Ice/Summ       20%          22%         4


Dungeon Overview and Level Annotations

Branches:
Dungeon (3/15)

Altars:


Innate Abilities, Weirdness & Mutations

Your experience applies equally to all skills.
You have very sharp teeth.
Your uncanny sense of smell can sniff out nearby items.


Message History

Confirm with . or Enter, or press ? or * to list all spells.
Aiming: Freeze (safe; 1% risk of failure)
Press: ? - help, Shift-Dir - straight line, f - orc
Aim: an orc, wielding a +0 mace (heavily wounded)
You freeze the orc.
You kill the orc!
Casting: Freeze (safe; 1% risk of failure)
Confirm with . or Enter, or press ? or * to list all spells.
Casting: Frozen Ramparts (safe; 1% risk of failure)
Press: ? - help, Dir - look around, f - activate The walls around you are covered in ice.
The wall freezes the orc priest!
The orc priest looks encouraged for a moment.
Unknown command.
You hit the orc priest but do no damage.
The orc priest is severely wounded.
The wall freezes the orc priest.
The orc priest mumbles some strange prayers to Beogh against you.
Beogh smites you!
You die...

∆ ∆ ###.#######
#....o@...# ##+#+#####.#
...........#
...........#
..........## .......)..#
.## ......†...# #... .
..........# #..##.
..........#########..#..


You could see an orc priest.

Vanquished Creatures
  3 gnolls
  3 adders
  An ooze (D:2)
  4 dart slugs
  A leopard gecko (D:1)
  7 orcs (D:3)
  3 giant cockroaches
  3 goblins
  5 hobgoblins (D:1)
  4 jackals (D:3)
  2 ball pythons (D:2)
  5 bats
  A frilled lizard (D:3)
  9 kobolds
  8 rats
59 creatures vanquished.

Notes
Turn   | Place    | Note
-------+----------+-------------------------------------------
     0 | D:1      | robertstho the Gnoll Ice Elementalist began the quest for
                  | the Orb.
     0 | D:1      | Reached XP level 1. HP: 13/13 MP: 6/6
   194 | D:1      | Reached XP level 2. HP: 19/20 MP: 5/7
   900 | D:1      | Reached XP level 3. HP: 25/25 MP: 9/9
   908 | D:1      | Reached skill level 5 in Spellcasting
  1221 | D:2      | Reached skill level 1 in Invocations
  1657 | D:2      | Reached skill level 1 in Fighting
  1657 | D:2      | Reached skill level 1 in Short Blades
  1657 | D:2      | Reached skill level 1 in Long Blades
  1657 | D:2      | Reached skill level 1 in Axes
  1657 | D:2      | Reached skill level 1 in Maces & Flails
  1657 | D:2      | Reached skill level 1 in Polearms
  1657 | D:2      | Reached skill level 1 in Staves
  1657 | D:2      | Reached skill level 1 in Slings
  1657 | D:2      | Reached skill level 1 in Bows
  1657 | D:2      | Reached skill level 1 in Crossbows
  1657 | D:2      | Reached skill level 1 in Throwing
  1657 | D:2      | Reached skill level 1 in Armour
  1657 | D:2      | Reached skill level 1 in Shields
  1657 | D:2      | Reached skill level 1 in Unarmed Combat
  1657 | D:2      | Reached skill level 1 in Evocations
  1830 | D:2      | Reached XP level 4. HP: 32/32 MP: 11/11
  1970 | D:1      | Learned a level 3 spell: Frozen Ramparts
  1974 | D:1      | Learned a level 3 spell: Ozocubu's Armour
  1979 | D:1      | Learned a level 4 spell: Hailstorm
  2147 | D:2      | Reached skill level 1 in Conjurations
  2147 | D:2      | Reached skill level 1 in Hexes
  2147 | D:2      | Reached skill level 1 in Summonings
  2147 | D:2      | Reached skill level 1 in Necromancy
  2147 | D:2      | Reached skill level 1 in Translocations
  2147 | D:2      | Reached skill level 1 in Transmutations
  2147 | D:2      | Reached skill level 1 in Fire Magic
  2147 | D:2      | Reached skill level 1 in Air Magic
  2147 | D:2      | Reached skill level 1 in Earth Magic
  2147 | D:2      | Reached skill level 1 in Poison Magic
  2715 | D:3      | Reached XP level 5. HP: 33/37 MP: 10/12
  2913 | D:3      | Killed from afar by an orc priest

Illustrated notes

Levels and vault maps discovered:
D:1:      matt_arrival_grand_opening, layout_loops_ring, minmay_cut_off
D:2:      layout_rooms
D:3:      layout_basic

Skill      XL: |  1  2  3  4 |
---------------+-------------+-----
Spellcasting   | 5 |  5.1
Invocations    | 1 |  1.5
Fighting       | 1 |  1.4
Short Blades   | 1 |  1.4
Long Blades    | 1 |  1.4
Axes           | 1 |  1.4
Maces & Flails | 1 |  1.4
Polearms       | 1 |  1.4
Staves         | 1 |  1.4
Slings         | 1 |  1.4
Bows           | 1 |  1.4
Crossbows      | 1 |  1.4
Throwing       | 1 |  1.4
Armour         | 1 |  1.4
Shields        | 1 |  1.4
Unarmed Combat | 1 |  1.4
Evocations     | 1 |  1.4
Conjurations   | 1 |  1.1
Hexes          | 1 |  1.1
Summonings     | 1 |  1.1
Necromancy     | 1 |  1.1
Translocations | 1 |  1.1
Transmutations | 1 |  1.1
Fire Magic     | 1 |  1.1
Air Magic      | 1 |  1.1
Earth Magic    | 1 |  1.1
Poison Magic   | 1 |  1.1
Dodging        | |  4.7
Stealth        | |  4.3
Ice Magic      | |  7.2

Action                   |  1- 3 |  4- 6 || total
-------------------------+-------+-------++-------
Melee: Unarmed           |    20 |       ||    20
       Whip              |    18 |       ||    18
       Bite              |     6 |     1 ||     7
       Short sword       |    37 |       ||    37
       Dagger            |     3 |    27 ||    30
 Cast: Freeze            |    17 |    15 ||    32
       Frozen Ramparts   |       |     5 ||     5
 Stab: Sleeping          |     9 |     1 ||    10
Armor: Robe              |     6 |     2 ||     8
Dodge: Dodged            |    51 |    40 ||    91

Table legend: (Time is in decaauts)
 A = Elapsed time spent in this place.
 B = Non-inter-level travel time spent in this place.
 C = Inter-level travel time spent in this place.
 D = Time resting spent in this place.
 E = Time spent auto-exploring this place.
 F = Levels seen in this place.
 G = Mean time per level.
                   A        B        C        D        E       F      G
               +--------+--------+--------+--------+--------+-----+--------+
         Total |   2914 |   2881 |     33 |    162 |   2343 |   3 |  971.3 |
       Dungeon |   2914 |   2881 |     33 |    162 |   2343 |   3 |  971.3 |
               +--------+--------+--------+--------+--------+-----+--------+

Top non-repeatable levels by time:
     D:1: 1376 daAuts
     D:2: 1103 daAuts
     D:3: 434 daAuts
